AoeStats
← NuMa | JuanMan

Marketplace

505261430Analyzed
1v1 RM · 24d ago on Sep 8, 2026· 34m 18s· 2 players
Game mode
Random Map
Map size
Tiny (2 player)
Population
200
Speed
Normal
Resources
Standard
Victory
Conquest
Starting age
Dark Age
Ending age
Imperial Age
RankedLock teamsTeams togetherTeam positionsShared explorationLock speedFull tech treeHidden civsTurbo modeCheats
Victory
Defeat
🇨🇴 Romans · Colombia
1534
+15
🇪🇸 Georgians · Spain
1507
-15
Xipitus
3:45 Loom
10:37 Feudal Age
16:56 Town Watch
18:23 Fletching
19:12 Gold Mining
19:17 Horse Collar
24:51 Castle Age
23:23 Padded Archer Armor
23:14 Double-Bit Axe
25:30 Bodkin Arrow
24:56 Elite Skirmisher
31:12 Crossbowman
33:17 Bow Saw
33:28 Leather Archer Armor
NuMa | JuanMan
6:08 Loom
8:44 Feudal Age
8:56 Man-at-Arms
10:25 Scale Mail Armor
12:27 Double-Bit Axe
13:42 Horse Collar
15:35 Padded Archer Armor
19:52 Fletching
21:53 Forging
25:00 Castle Age
25:04 Long Swordsman
25:06 Elite Skirmisher
26:02 Chain Mail Armor
25:59 Bow Saw
25:51 Heavy Plow
27:11 Iron Casting
32:47 Squires
Connection lost

Rejoining the realm…

Still unreachable

The connection could not be restored.

Session expired

The server has moved on; the page needs a fresh start.